 Dungeon Crawl Stone Soup version 0.28-a0-1415-g7c84da036a (webtiles) character file.

Game seed: 21768145036212121

660 shadowrider38 the Skirmisher (level 7, 0/61 HPs)
             Began as a Minotaur Fighter on Jan 8, 2022.
             Slain by a gnoll (1 damage)
             ... on level 6 of the Dungeon.
             The game lasted 00:04:10 (5458 turns).

shadowrider38 the Skirmisher (Minotaur Fighter)     Turns: 5458, Time: 00:04:12

Health: 0/61       AC: 12    Str: 23    XL:     7   Next: 30%
Magic:  6/6        EV:  7    Int:  5    God:
Gold:   227        SH:  5    Dex:  9    Spells: 6/6 levels left

rFire   . . .      SeeInvis .   a - +0 war axe
rCold   . . .      Faith    .   c - +0 buckler
rNeg    . . .      Spirit   .   t - +0 plate armour
rPois   .          Reflect  .   (helmet restricted)
rElec   .          Harm     .   (no cloak)
rCorr   .          Rampage  .   (no gloves)
Will    .....                   (no boots)
Stlth   ..........              (no amulet)
HPRegen 0.20/turn               (no ring)
MPRegen 0.10/turn               (no ring)

@: mighty, lethally poisoned (0 -> -12), flying
A: horns 2, retaliatory headbutt
a: no special abilities


You were on level 6 of the Dungeon.
You visited 1 branch of the dungeon, and saw 6 of its levels.

You collected 227 gold pieces.

Inventory:

Hand Weapons
 a - a +0 war axe (weapon)
Missiles
 b - 27 poisoned darts
 i - 56 stones (quivered)
Armour
 c - a +0 buckler (worn)
 t - a +0 plate armour (worn)
Scrolls
 e - a scroll of magic mapping {unknown}
 f - a scroll of immolation {unknown}
 g - a scroll of enchant weapon {unknown}
 k - 2 scrolls of noise {unknown}
 l - 7 scrolls of identify {unknown}
 m - a scroll of blinking {unknown}
 o - 3 scrolls of teleportation {unknown}
 v - a scroll of fog {unknown}
 w - a scroll of amnesia {unknown}
Potions
 h - a potion of attraction {unknown}
 j - 3 potions of curing {unknown}
 n - 5 potions of flight
 p - a potion of haste {unknown}
 q - 2 potions of heal wounds {unknown}
 r - a potion of magic {unknown}
 s - a potion of degeneration {unknown}
 u - 2 potions of brilliance {unknown}


   Skills:
 + Level 5.6 Fighting
 + Level 4.8 Axes
 + Level 5.5 Armour
 + Level 3.6 Dodging
 + Level 5.6 Shields


You had 6 spell levels left.
You didn't know any spells.
Your spell library contained the following spells:

 Spells                   Type           Power      Damage    Failure   Level
 Beastly Appendage        Tmut           0%         N/A       100%        1
 Foxfire                  Conj/Fire      0%         2x1d4     100%        1
 Sandblast                Erth           0%         2d4       100%        1
 Wereblood                Tmut           0%         N/A       100%        2
 Gell's Gravitas          Tloc           0%         N/A       100%        3
 Lesser Beckoning         Tloc           0%         N/A       100%        3
 Spider Form              Tmut/Pois      0%         N/A       100%        3
 Teleport Other           Tloc           0%         N/A       100%        3
 Fireball                 Conj/Fire      0%         3d3       100%        5
 Iskenderun's Battlesphe  Conj           0%         2d6       100%        5
 Conjure Ball Lightning   Conj/Air       0%         3x3d6     100%        6
 Iron Shot                Conj/Erth      0%         9d1       100%        6
 Orb of Destruction       Conj           0%         N/A       100%        7
 Borgnjor's Revivificati  Necr           0%         N/A       100%        8
 Necromutation            Tmut/Necr      0%         N/A       100%        8
 Death's Door             Necr           0%         N/A       100%        9
 Shatter                  Erth           0%         3d5*      100%        9


Dungeon Overview and Level Annotations

Branches:
Dungeon (6/15)
 Temple: D:4-7

Altars:
Dithmenos

Shops:
D:5 :


Innate Abilities, Weirdness & Mutations

You have a pair of horns on your head.
You reflexively headbutt those who attack you in melee.


Message History

The scorpion stings you but does no damage.
You feel very mighty all of a sudden.
You feel very sick.
The water moccasin bites you but does no damage.
The scorpion stings you but does no damage.
The scorpion stings you.
You are lethally poisoned!
The scorpion poisons you!
A gnoll comes into view. It is wielding a +0 spear.
The gnoll shouts!
You slice the scorpion!!
You kill the scorpion!
You slash the scorpion! You closely miss the water moccasin.
* * * LOW HITPOINT WARNING * * *
You feel extremely sick. You block the water moccasin's attack.
The scorpion stings you but does no damage.
The water moccasin bites you.
* * * LOW HITPOINT WARNING * * *
You block the gnoll's attack. The scorpion stings you.
* * * LOW HITPOINT WARNING * * *
You slash the scorpion!
You kill the scorpion!
You hit the water moccasin. You closely miss the gnoll.
* * * LOW HITPOINT WARNING * * *
You feel very sick.
The water moccasin bites you but does no damage.
The gnoll barely misses you. You furiously retaliate!
You headbutt the gnoll. The gnoll hits you but does no damage.
The water moccasin bites you but does no damage.
The gnoll barely misses you. You furiously retaliate!
You headbutt the gnoll!
You kill the gnoll!
It was a potion of flight.
You feel very buoyant.
You fly up into the air.
* * * LOW HITPOINT WARNING * * *
You feel very sick. You block the water moccasin's attack.
The gnoll hits you from afar with a +0 spear.
You die...

....... .......
....... ....g..
....... ########
.g.....
#......####)g.....
#.........@.......
#.(≈.≈.≈...S......
#..≈..............
#≈≈≈.≈.....##.#+#.
##.........# .#
##.[......## #
#..........
#........##
##'#######


You could see a water moccasin and 3 gnolls.

Vanquished Creatures
  A necrophage (D:5)
  4 scorpions
  A hound (D:5)
  A centaur skeleton (D:5)
  A gnoll shaman (D:5)
  Terence (D:3)
  2 iguanas (D:5)
  Robin (D:2)
  2 adders (D:2)
  4 gnolls
  A howler monkey skeleton (D:4)
  A white imp (D:5)
  2 worms (D:2)
  2 dart slugs
  3 ball pythons
  7 endoplasms
  A giant cockroach (D:1)
  11 goblins
  10 hobgoblins
  6 jackals
  4 kobolds
  7 quokkas
  2 bats (D:1)
  4 frilled lizards
  7 rats
86 creatures vanquished.

Vanquished Creatures (others)
  4 toadstools (D:1)
4 creatures vanquished.

Grand Total: 90 creatures vanquished

Notes
Turn   | Place    | Note
-------+----------+-------------------------------------------
     0 | D:1      | shadowrider38 the Minotaur Fighter began the quest for the
                  | Orb.
     0 | D:1      | Reached XP level 1. HP: 19/19 MP: 0/0
   376 | D:1      | Reached XP level 2. HP: 25/27 MP: 1/1
   653 | D:1      | Reached skill level 1 in Dodging
   679 | D:1      | Found a faded altar of an unknown god.
   687 | D:1      | Got Plato's Volume of Flames
  1342 | D:2      | Noticed Robin
  1384 | D:2      | Reached XP level 3. HP: 28/33 MP: 2/2
  1838 | D:2      | Killed Robin
  1839 | D:2      | Reached XP level 4. HP: 38/40 MP: 3/3
  1956 | D:2      | Found a shadowy altar of Dithmenos.
  2663 | D:3      | Noticed Terence
  2670 | D:3      | Killed Terence
  2978 | D:3      | Noticed a scorpion
  3296 | D:3      | Killed a scorpion
  3297 | D:3      | Reached XP level 5. HP: 27/47 MP: 4/4
  4095 | D:5      | Entered Level 5 of the Dungeon
  4096 | D:5      | Found Vudosuuny's Book Emporium.
  4289 | D:5      | Noticed a necrophage
  4306 | D:5      | Killed a necrophage
  4307 | D:5      | Reached XP level 6. HP: 38/55 MP: 5/5
  4480 | D:5      | Reached skill level 5 in Fighting
  4480 | D:5      | Reached skill level 5 in Armour
  4480 | D:5      | Reached skill level 5 in Shields
  5324 | D:5      | Reached XP level 7. HP: 61/61 MP: 6/6
  5443 | D:6      | Got the Tome of Clay
  5458 | D:6      | HP: 1/61 [poisoned by a scorpion]
  5458 | D:6      | Slain by a gnoll

Illustrated notes

Levels and vault maps discovered:
D:1:      roderic_dead_forest, layout_basic,
          shapermc_ecumenical_altar_rom_forum, minmay_gold_behind_fungi
D:2:      layout_basic, serial_co_window_serial, co_window_of_opportunity_a,
          co_window_paths_b, co_window_paths_a, co_window_of_opportunity_a,
          co_window_cross_1, co_window_broadway_b, co_window_broadway_b,
          co_window_of_opportunity_c, co_window_broadway_a,
          co_window_broadway_c, glass_columns_a, glass_columns_a,
          glass_columns_b, basic_altar, uniq_robin
D:3:      kennysheep_big_flooded_room, layout_rooms, feat_on_display,
          uniq_terence
D:4:      layout_rooms, minmay_statues_item
D:5:      layout_basic, serial_shops, nicolae_inconvenience_store
D:6:      layout_basic, chequers_serial_rivers_micro_c, dk_noncrumbling_3

Skill      XL: |  1  2  3  4  5  6 |
---------------+-------------------+-----
Dodging        | 1 2 3 |  3.6
Armour         | 4 5 |  5.5
Fighting       | 4 5 |  5.6
Shields        | 4 5 |  5.6
Axes           | 3 4 |  4.8

Action                   |  1- 3 |  4- 6 |  7- 9 || total
-------------------------+-------+-------+-------++-------
Melee: War axe           |    92 |   118 |     6 ||   216
       Headbutt          |    11 |    16 |       ||    27
Throw: Stone             |       |     3 |       ||     3
  Use: Potion            |       |       |     2 ||     2
Armor: Scale mail        |    50 |    10 |       ||    60
       Plate armour      |       |    33 |    13 ||    46
Dodge: Dodged            |    45 |    36 |     6 ||    87
Block: Buckler           |    25 |    28 |     6 ||    59

Table legend: (Time is in decaauts)
 A = Elapsed time spent in this place.
 B = Non-inter-level travel time spent in this place.
 C = Inter-level travel time spent in this place.
 D = Time resting spent in this place.
 E = Time spent auto-exploring this place.
 F = Levels seen in this place.
 G = Mean time per level.
                   A        B        C        D        E       F      G
               +--------+--------+--------+--------+--------+-----+--------+
         Total |   5541 |   5241 |    300 |   1147 |   3434 |   6 |  923.5 |
       Dungeon |   5541 |   5241 |    300 |   1147 |   3434 |   6 |  923.5 |
               +--------+--------+--------+--------+--------+-----+--------+

Top non-repeatable levels by time:
     D:1: 1399 daAuts
     D:5: 1311 daAuts
     D:2: 1292 daAuts
     D:3: 1028 daAuts
     D:4: 436 daAuts
     D:6: 74 daAuts
